 Dungeon Crawl Stone Soup version 0.21.1-1-g345015f (webtiles) character file.

1978 letownia2 the Martial Artist (level 9, -1/65 HPs)
             Began as a Merfolk Transmuter on Mar 19, 2018.
             Was a Believer of Cheibriados.
             Slain by a hippogriff (7 damage)
             ... on level 10 of the Dungeon.
             The game lasted 00:13:46 (1865 turns).

letownia2 the Martial Artist (Merfolk Transmuter)   Turns: 1865, Time: 00:13:46

Health: -1/65      AC:  2    Str: 18    XL:     9   Next: 20%
Magic:  10/12      EV: 22    Int: 19    God:    Cheibriados [**....]
Gold:   247        SH:  0    Dex: 30    Spells: 2/12 levels left

rFire    . . .     SeeInvis .     - Unarmed
rCold    . . .     Gourm    .   (shield currently unavailable)
rNeg     + + .     Faith    +   (armour currently unavailable)
rPois    .         Spirit   .   (helmet currently unavailable)
rElec    .         Reflect  .   (cloak currently unavailable)
rCorr    +         Harm     .   (gloves currently unavailable)
MR       .....                  (boots currently unavailable)
Stlth    ++........             i - amulet of Ikke {Faith rPois rN+ Dex+4}
HPRegen  0.20/turn              v - ring of positive energy
MPRegen  0.13/turn              B - ring of resist corrosion

@: spider-form, very slow
A: tiny, (change form in water), (swift swim), (stealthy swim)
a: End Transformation, Bend Time, Renounce Religion


You were on level 10 of the Dungeon.
You worshipped Cheibriados.
Cheibriados was pleased with you.
You were not hungry.
You were a venomous arachnid creature.
You visited 1 branch of the dungeon, and saw 10 of its levels.

You collected 247 gold pieces.

Inventory:

Hand Weapons
 u - a +1 spear of freezing
Missiles
 a - 60 arrows
 h - 6 javelins (quivered)
 x - 2 throwing nets
Armour
 b - a +0 robe (melded)
 l - a +0 ring mail
 p - a +1 helmet (melded)
Magical Staves
 y - an uncursed staff of air
Jewellery
 i - the amulet of Ikke (around neck) {Faith rPois rN+ Dex+4}
   (You found it on level 4 of the Dungeon)

   [amulet of faith]

   It allows you to gain divine favour quickly.
   It affects your dexterity (+4).
   It protects you from poison.
   It protects you from negative energy.
 o - an uncursed ring of ice
 v - a ring of positive energy (left front leg)
 B - a ring of resist corrosion (right front leg)
Wands
 m - a wand of random effects (14)
 s - a wand of scattershot (4)
Scrolls
 e - 3 scrolls of identify {unknown}
 f - 2 scrolls of teleportation {unknown}
 g - a scroll of fog {unknown}
 j - a scroll of noise {unknown}
 k - a scroll of enchant armour {unknown}
 n - 3 scrolls of remove curse {unknown}
 q - a scroll of vulnerability {unknown}
 r - a scroll of immolation {unknown}
 t - a scroll of blinking {unknown}
 w - a scroll of random uselessness {unknown}
Potions
 z - a potion of curing
Books
 c - a book of Changes

   Spells                             Type                      Level
   a - Beastly Appendage              Transmutation                1
   b - Sticks to Snakes               Transmutation                2
   c - Spider Form                    Transmutation/Poison         3
   d - Ice Form                       Ice/Transmutation            4
   e - Blade Hands                    Transmutation                5
 A - a book of Debilitation

   Spells                             Type                      Level
   a - Corona                         Hexes                        1
   b - Slow                           Hexes                        2
   c - Inner Flame                    Hexes/Fire                   3
   d - Portal Projectile              Hexes/Translocation          3
   e - Cause Fear                     Hexes                        4
   f - Leda's Liquefaction            Hexes/Earth                  4
Comestibles
 d - 4 rations


   Skills:
 - Level 3.9 Fighting
 - Level 2.6 Dodging
 + Level 10.7 Unarmed Combat
 - Level 2.0 Spellcasting
 - Level 6.6 Transmutations
 - Level 2.7 Ice Magic
 - Level 2.3 Poison Magic


You had 2 spell levels left.
You knew the following spells:

 Your Spells              Type           Power        Failure   Level  Hunger
a - Beastly Appendage     Tmut           ####..       5%          1    #......
i - Ice Form              Ice/Tmut       ###.....     45%         4    #####..
l - Sticks to Snakes      Tmut           ####....     7%          2    ###....
p - Spider Form           Tmut/Pois      ###.......   21%         3    ###....


Dungeon Overview and Level Annotations

Branches:
Dungeon (10/15)              Lair (0/6) D:10
 Temple: D:4-7          Orc: D:9-12

Altars:
Ashenzari
Cheibriados
Kikubaaqudgha
Okawaru
Vehumet
Wu Jian
Xom

Annotations:
D:5 letownia2's ghost, weakling MfTm
D:10 Sonja


Message History

You are too injured to fight recklessly!
You are too injured to fight recklessly!
You are too injured to fight recklessly!
You bite the hippogriff!
The hippogriff is moderately wounded.
The hippogriff bites you!
* * * LOW HITPOINT WARNING * * *
The hippogriff completely misses you. The hippogriff misses you.
You barely miss the hippogriff.
The hippogriff is moderately wounded.
You bite the hippogriff!
The hippogriff is poisoned.
The hippogriff is heavily wounded.
The hippogriff misses you. The hippogriff barely misses you.
The hippogriff closely misses you.
You bite the hippogriff!
The hippogriff is almost dead.
The hippogriff bites you!
* * * LOW HITPOINT WARNING * * *
The hippogriff pecks you!
You die...

####### ....... .(.....
########### .......
#####.........#
.......##...'.........#
.......Hs.###.........#
??.....#### #.........#
....... #.........#
....... #......>..#
##+#### ########'##
#...# ########'######
#.............#
#.............#


You could see a hippogriff.

Vanquished Creatures
  2 sky beasts
  4 ice beasts
  An ogre (D:7)
  2 centaurs
  A gnoll sergeant (D:9)
  2 scorpions (D:9)
  A wight (D:8)
  3 vampire bats (D:4)
  4 howler monkeys
  A crimson imp (D:7)
  2 jellies
  A bullfrog skeleton (D:10)
  2 hounds (D:9)
  A quasit (D:9)
  4 orc priests
  An orc wizard (D:9)
  5 worker ants
  A hound zombie (D:9)
  3 adders
  5 gnolls (D:9)
  An adder skeleton (D:4)
  A worm (D:2)
  A leopard gecko (D:4)
  5 orcs
  2 bats
  3 bat skeletons (D:4)
  3 bat zombies (D:4)
  2 giant cockroaches
  A goblin (D:2)
  4 hobgoblins
  2 jackals (D:7)
  2 quokkas
  A ball python (D:2)
  2 frilled lizards
  3 kobolds
  A quokka skeleton (D:3)
  2 rats (D:2)
82 creatures vanquished.

Vanquished Creatures (collateral kills)
  A hungry ghost (D:7)
  A kobold (D:2)
  A rat (D:2)
3 creatures vanquished.

Vanquished Creatures (others)
  A leopard gecko skeleton (D:7)
1 creature vanquished.

Grand Total: 86 creatures vanquished

Notes
Turn   | Place    | Note
-------+----------+-------------------------------------------
     0 | D:1      | letownia2 the Merfolk Transmuter began the quest for the Orb.
     0 | D:1      | Reached XP level 1. HP: 15/15 MP: 3/3
   140 | D:2      | Reached XP level 2. HP: 16/21 MP: 3/5
   154 | D:2      | Reached skill level 4 in Unarmed Combat
   211 | D:2      | Learned a level 2 spell: Sticks to Snakes
   241 | D:2      | Reached XP level 3. HP: 13/26 MP: 4/6
   296 | D:2      | Found a shimmering altar of Xom.
   336 | D:2      | Learned a level 3 spell: Spider Form
   370 | D:4      | Reached skill level 1 in Poison Magic
   370 | D:4      | Reached XP level 4. HP: 22/32 MP: 0/7
   391 | D:5      | Entered Level 5 of the Dungeon
   391 | D:5      | Noticed letownia2's ghost (weakling MfTm)
   409 | D:4      | Got a scintillating sapphire amulet
   410 | D:4      | Identified the amulet of Ikke {Faith rPois rN+ Dex+4} (You found it on level 4 of the Dungeon)
   454 | D:4      | Found a snail-covered altar of Cheibriados.
   469 | D:4      | Became a worshipper of Cheibriados the Contemplative
   488 | D:4      | Reached XP level 5. HP: 37/37 MP: 4/8
   499 | D:4      | Reached skill level 5 in Unarmed Combat
   507 | D:4      | Found an ornate altar of the Wu Jian Council.
   540 | D:4      | Found an ancient bone altar of Kikubaaqudgha.
   557 | D:4      | Reached skill level 6 in Unarmed Combat
   557 | D:4      | Reached XP level 6. HP: 22/43 MP: 6/9
   626 | D:6      | Found a shattered altar of Ashenzari.
   646 | D:6      | Reached * piety under Cheibriados
   684 | D:7      | Reached skill level 7 in Unarmed Combat
   733 | D:7      | Found a radiant altar of Vehumet.
   749 | D:7      | Reached XP level 7. HP: 46/48 MP: 6/10
   829 | D:7      | Reached skill level 8 in Unarmed Combat
   836 | D:7      | Noticed a hungry ghost
   852 | D:7      | Killed a hungry ghost
   856 | D:7      | Reached XP level 8. HP: 36/58 MP: 6/11
   898 | D:7      | Learned a level 4 spell: Ice Form
  1008 | D:7      | Reached skill level 9 in Unarmed Combat
  1008 | D:7      | Reached skill level 1 in Ice Magic
  1127 | D:8      | Found a shattered altar of Ashenzari.
  1155 | D:8      | Reached skill level 5 in Transmutations
  1324 | D:9      | Reached ** piety under Cheibriados
  1461 | D:10     | Entered Level 10 of the Dungeon
  1514 | D:9      | Reached XP level 9. HP: 57/65 MP: 8/12
  1515 | D:9      | Reached skill level 10 in Unarmed Combat
  1655 | D:10     | Found a staircase to the Lair.
  1657 | D:10     | Noticed Sonja
  1696 | D:8      | Found an iron altar of Okawaru.
  1865 | D:10     | Slain by a hippogriff

Skill      XL: |  1  2  3  4  5  6  7  8  9 |
---------------+----------------------------+-----
Unarmed Combat | 4 6 7 8 9 10 | 10.7
Transmutations | 3 4 6 |  6.6
Poison Magic   | 1 2 |  2.3
Fighting       | 3 |  3.9
Ice Magic      | 2 |  2.7
Dodging        | |  2.6
Spellcasting   | |  2.0

Action                   |  1- 3 |  4- 6 |  7- 9 || total
-------------------------+-------+-------+-------++-------
Melee: Unarmed           |    71 |    77 |   141 ||   289
       Headbutt          |     6 |     3 |       ||     9
       Punch             |     1 |       |     1 ||     2
Throw: Javelin           |       |     2 |       ||     2
 Cast: Beastly Appendage |    11 |     2 |       ||    13
       Sticks to Snakes  |     3 |       |     2 ||     5
       Spider Form       |     1 |     6 |    15 ||    22
  Use: Potion            |     2 |       |     1 ||     3
 Stab: Sleeping          |     1 |     2 |       ||     3
       Distracted        |       |       |     2 ||     2
  Eat: Chunk             |       |     1 |     6 ||     7
Armor: Robe              |    10 |    15 |     6 ||    31
       Skin              |       |     3 |     6 ||     9
Dodge: Dodged            |    54 |    76 |   118 ||   248
